Map: Vallée des cactus EC

Players

FORTEHWIN - Winner!

  • Race: Protoss Protoss
  • League: Grandmaster

AgCl

  • Race: Protoss Protoss
  • League: Grandmaster

VOD

Have the link to the VOD?

Description

Time

  • Played on: June 15, 2015, 6:41 p.m.
  • Length: 9:00
Show
View Real Time Build Order
Export as new Build Order

FORTEHWIN Protoss - Winner!

Build Orders: Nexus First 

Get SALT Encoding   

  12  0:01  Probe  
  13  0:14  Pylon  
  13  0:17  Probe  
  14  0:32  Probe (Chrono Boost)  
  15  0:41  Probe (Chrono Boost)  
  16  0:49  Probe  
  17  1:01  Probe  
  18  1:04  Nexus  
  18  1:13  Probe (Chrono Boost)  
  18  1:16  Gateway  
  19  1:23  Assimilator  
  20  1:25  Probe (Chrono Boost)  
  20  1:34  Assimilator  
  20  1:35  Probe (Chrono Boost)  
  21  1:42  Probe  
  22  1:48  Pylon  
  22  2:06  Cybernetics Core, Probe (Chrono Boost)  
  24  2:17  Probe (Chrono Boost)  
  24  2:22  Probe (Chrono Boost)  
  25  2:29  Probe x2 (Chrono Boost), Zealot  
  30  2:37  Pylon  
  30  2:40  Pylon  
  30  2:42  Gateway  
  30  2:48  Mothership Core (Chrono Boost)  
  30  3:07  Probe x2  
  30  3:12  Pylon  
  32  3:14  Stalker  
  32  3:19  Probe (Chrono Boost), Warp Gate (Chrono Boost)  
  36  3:20  Probe (Chrono Boost)  
  36  3:29  Probe x2 (Chrono Boost), Robotics Facility  
  38  3:36  Probe  
  38  3:38  Stalker  
  41  3:48  Probe  
  41  3:49  Probe  
  41  3:50  Stalker  
  45  4:00  Probe  
  45  4:02  Forge  
  46  4:06  Gateway  
  46  4:09  Pylon  
  46  4:10  Probe  
  46  4:13  Probe  
  45  4:25  Probe x2  
  47  4:33  Stalker  
  47  4:34  Stalker  
  47  4:37  Probe  
  50  4:41  Probe (Chrono Boost)  
  51  4:53  Probe (Chrono Boost)  
  51  4:55  Probe (Chrono Boost)  
  51  4:58  Observer (Chrono Boost)  
  52  5:01  Mothership Core (Chrono Boost), Photon Cannon  
  52  5:03  Probe (Chrono Boost)  
  52  5:06  Assimilator  
  55  5:08  Pylon  
  55  5:13  Probe  
  56  5:16  Twilight Council  
  56  5:19  Probe, Observer (Chrono Boost)  
  56  5:20  Stalker  
  60  5:26  Probe  
  60  5:27  Assimilator  
  61  5:29  Protoss Ground Weapons Level 1 (Chrono Boost)  
  61  5:31  Probe, Pylon  
  61  5:35  Pylon  
  62  5:37  Stalker  
  62  5:38  Probe  
  62  5:42  Stalker  
  63  5:43  Probe  
  62  5:50  Probe  
  62  5:52  Stalker  
  60  6:07  Stalker  
  60  6:10  Probe (Chrono Boost)  
  64  6:13  Probe (Chrono Boost)  
  64  6:20  Stalker x2  
  64  6:22  Probe (Chrono Boost)  
  70  6:25  Probe (Chrono Boost)  
  70  6:34  Probe  
  70  6:38  Gateway  
  71  6:40  Gateway, Blink (Chrono Boost)  
  71  6:41  Pylon  
  71  6:42  Stalker  
  71  6:43  Stalker  
  71  6:44  Gateway  
  75  6:47  Gateway  
  75  7:09  Nexus  
  75  7:10  Pylon  
  75  7:17  Stalker  
  75  7:18  Stalker x2  
  81  7:29  Pylon  
  81  7:32  Pylon  
  81  7:40  Stalker x2  
  84  7:49  Stalker  
  84  7:50  Stalker x3  
  92  8:04  Pylon  
  92  8:05  Stalker  
  92  8:06  Stalker x2  
  98  8:13  Pylon  
  98  8:22  Stalker  
  98  8:23  Stalker x3  
  104  8:43  Stalker  
  104  8:44  Stalker x2  
Show
View Real Time Build Order
Export as new Build Order

AgCl Protoss 

Build Orders: Oracle Opening 

Get SALT Encoding   

  12  0:03  Probe  
  13  0:18  Pylon  
  13  0:19  Probe  
  14  0:39  Probe, Gateway  
  15  0:51  Probe  
  15  0:56  Assimilator  
  16  1:03  Probe  
  17  1:15  Probe  
  18  1:26  Cybernetics Core  
  18  1:27  Probe  
  18  1:31  Zealot (Chrono Boost)  
  21  1:39  Probe  
  22  1:48  Assimilator  
  22  1:55  Pylon  
  22  2:04  Warp Gate (Chrono Boost)  
  22  2:13  Gateway, Probe (Chrono Boost)  
  24  2:24  Probe (Chrono Boost)  
  24  2:30  Probe  
  24  2:35  Stargate  
  25  2:42  Probe (Chrono Boost)  
  26  2:54  Mothership Core (Chrono Boost)  
  27  3:15  Gateway  
  27  3:16  Nexus  
  26  3:20  Oracle (Chrono Boost)  
  29  3:29  Pylon  
  29  3:30  Probe  
  30  3:47  Probe  
  31  4:00  Pylon  
  31  4:04  Probe  
  32  4:17  Probe  
  33  4:26  Stalker x2  
  33  4:27  Stalker  
  34  4:50  Stalker x3  
  34  4:52  Probe (Chrono Boost)  
  41  4:59  Mothership Core (Chrono Boost)  
  44  5:01  Probe (Chrono Boost)  
  44  5:11  Twilight Council  
  44  5:14  Probe (Chrono Boost), Robotics Facility  
  45  5:17  Probe (Chrono Boost)  
  46  5:22  Assimilator  
  48  5:29  Probe (Chrono Boost)  
  48  5:31  Probe (Chrono Boost)  
  48  5:36  Probe (Chrono Boost)  
  48  5:37  Probe (Chrono Boost)  
  50  5:46  Probe  
  52  5:50  Probe  
  50  5:58  Probe (Chrono Boost)  
  50  6:04  Assimilator  
  52  6:08  Probe (Chrono Boost)  
  52  6:10  Probe (Chrono Boost)  
  53  6:13  Observer (Chrono Boost), Dark Shrine  
  53  6:15  Nexus  
  53  6:16  Pylon  
  53  6:17  Probe (Chrono Boost)  
  55  6:18  Probe (Chrono Boost)  
  55  6:22  Pylon  
  56  6:27  Observer (Chrono Boost)  
  56  6:30  Probe x2 (Chrono Boost)  
  59  6:39  Probe (Chrono Boost)  
  61  6:40  Protoss Air Weapons Level 1 (Chrono Boost)  
  61  6:42  Void Ray (Chrono Boost)  
  61  6:43  Probe (Chrono Boost)  
  61  6:46  Probe (Chrono Boost)  
  66  6:48  Zealot  
  66  6:51  Probe (Chrono Boost)  
  69  6:56  Probe (Chrono Boost)  
  70  7:08  Probe x2 (Chrono Boost)  
  72  7:13  Gateway  
  72  7:14  Probe (Chrono Boost), Gateway  
  74  7:15  Probe (Chrono Boost)  
  74  7:16  Gateway  
  74  7:17  Pylon  
  74  7:18  Forge  
  74  7:22  Pylon  
  74  7:25  Probe (Chrono Boost)  
  74  7:28  Assimilator  
  77  7:31  Assimilator  
  77  7:32  Probe x2 (Chrono Boost)  
  77  7:36  Probe (Chrono Boost)  
  78  7:37  Zealot  
  78  7:40  Probe (Chrono Boost)  
  81  7:44  Dark Templar  
  81  7:46  Probe  
  81  7:48  Probe  
  81  7:50  Probe  
  84  7:55  Void Ray (Chrono Boost)  
  86  7:58  Probe  
  86  8:00  Probe  
  88  8:08  Immortal (Chrono Boost)  
  88  8:09  Probe  
  88  8:12  Probe  
  94  8:15  Probe  
  95  8:21  Probe  
  95  8:25  Pylon  
  96  8:42  Cybernetics Core  
  96  8:44  Pylon  
Tags
 
Add a new tag
Caveats
  • Supply blocks, unpowered buildings, or Contaminate may cause inaccurate times.
  • Supply counts are checked every 10 seconds.